 Dungeon Crawl Stone Soup version 0.27-a0-732-ga892ba84f6 (webtiles) character file.

Game seed: 13120019732665980195

1271 robertstho the Grappler (level 8, 0/78 HPs)
             Began as a Troll Berserker on Mar 23, 2021.
             Was a Priest of Trog.
             Slain by an orc warrior
             ... wielding a +0 short sword
              (20 damage)
             ... on level 6 of the Dungeon.
             The game lasted 00:05:20 (4437 turns).

robertstho the Grappler (Troll Berserker)           Turns: 4437, Time: 00:05:21

Health: 0/78       AC:  4    Str: 26    XL:     8   Next: 28%
Magic:  7/7        EV: 10    Int:  5    God:    Trog [***...]
Gold:   409        SH:  0    Dex:  9    Spells: 7/7 levels left

rFire    . . .     SeeInvis .     - Unarmed
rCold    . . .     Faith    .   (no shield)
rNeg     . . .     Spirit   .   a - +0 animal skin
rPois    .         Reflect  .   (helmet restricted)
rElec    .         Harm     .   o - scarf {+Inv}
rCorr    .         Rampage  .   (gloves unavailable)
Will     .....                  (boots unavailable)
Stlth    +.........             (no amulet)
HPRegen  1.23/turn              (no ring)
MPRegen  0.10/turn              (no ring)

@: berserk cooldown, slowed, very slow
A: large, unfitting armour, claws 3, regeneration 1, shaggy fur 1, tough skin 1
a: Renounce Religion, Evoke Invisibility, Berserk, Trog's Hand


You were on level 6 of the Dungeon.
You worshipped Trog.
Trog was most pleased with you.
You visited 1 branch of the dungeon, and saw 6 of its levels.

You collected 409 gold pieces.

Inventory:

Armour
 a - a +0 animal skin (worn)
 m - a +0 cloak
 o - a scarf of invisibility (worn)
Jewellery
 k - an amulet of faith
 s - a +4 ring of slaying
Wands
 t - a wand of polymorph (12)
Scrolls
 c - 4 scrolls of teleportation
 f - 3 scrolls of enchant weapon
 n - a scroll of summoning
 q - a scroll of immolation {unknown}
 u - a scroll of fear {unknown}
 v - a scroll of amnesia {unknown}
Potions
 b - 4 potions of haste
 d - a potion of might
 e - a potion of cancellation {unknown}
 g - 2 potions of invisibility {unknown}
 h - a potion of heal wounds {unknown}
 i - 4 potions of flight {unknown}
 j - 2 potions of attraction {unknown}
 l - a potion of degeneration {unknown}
 p - a potion of ambrosia {unknown}
 r - a potion of curing {unknown}


   Skills:
 * Level 3.9 Fighting
 * Level 4.9 Dodging
 + Level 0.7 Stealth
 * Level 8.1 Unarmed Combat


You had 7 spell levels left.
You didn't know any spells.
Your spell library was empty.

Dungeon Overview and Level Annotations

Branches:
Dungeon (6/15)
 Temple: D:4-7

Altars:
Ashenzari
Cheibriados
Fedhas
Gozag
Ru
Yredelemnul

Shops:
D:5 :

Annotations:
D:6 1 runed translucent door


Innate Abilities, Weirdness & Mutations

You are too large for most types of armour.
You have claws for hands.
Your natural rate of healing is unusually fast.
You are covered in fur. (AC +1)
You have tough skin. (AC +1)


Message History

A red film seems to cover your vision as you go berserk!
You feel yourself moving faster!
You feel mighty! The orc warrior closely misses you.
The orc wizard casts a spell at you. The puff of flame hits you!
The orc wizard hits you with a +0 dagger.
You closely miss the orc wizard.
The orc throws a boomerang.
The boomerang barely misses you. The orc warrior closely misses you.
The orc wizard closely misses you.
You barely miss the orc wizard. You closely miss the orc warrior.
The orc warrior barely misses you. The bullfrog hits you.
An orc comes into view. It is wielding a +2 mace of protection.
The orc wizard casts a spell at you.
You are confused.
You barely miss the bullfrog.
The orc shouts!
Your claw misses the bullfrog. The bullfrog barely misses you.
You miss the orc wizard.
The orc wizard hits you with a +1 dagger of protection.
* * * LOW HITPOINT WARNING * * *
The bullfrog hits you.
* * * LOW HITPOINT WARNING * * *
Unknown command.
You're too confused to move!
You feel a strong urge to attack something.
You are no longer berserk.
Trog's vigour flows through your veins.
You are exhausted.
You feel yourself slow down.
You bump into the closed door.
The orc wizard casts a spell at you. The magic dart hits you.
* * * LOW HITPOINT WARNING * * *
You bump into the closed door.
You feel less confused. The orc wizard closely misses you.
The orc hits you with a +0 hand axe.
* * * LOW HITPOINT WARNING * * *
The orc warrior hits you with a +0 short sword!!
You die...

...............
...............
...............
.............(.
...o.........
#o......... #FoZ.......
#ooo.###+## ######@o..#
#.....#+###......
#.....'..##.....#
#.....#..##.....#
#.....#..##.....# ..###
##+####..##.....##..##(
#............+...#.
#............#...'.
#............#..##.


You could see an orc warrior, a bullfrog, 2 orc wizards, 4 orcs and a howler
monkey skeleton.

Vanquished Creatures
  Prince Ribbit (D:5)
  An orc warrior (D:5)
  An ice beast (D:6)
  A sky beast (D:6)
  An ogre (D:6)
  2 scorpions (D:4)
  2 hounds
  A jelly (D:5)
  An orc priest (D:5)
  An iguana (D:5)
  10 orc wizards
  A worker ant (D:5)
  2 worker ant zombies
  A howler monkey skeleton (D:4)
  6 adders
  3 worms
  25 orcs
  4 bats
  6 giant cockroaches
  8 goblins
  5 hobgoblins
  11 jackals
  3 oozes
  4 quokkas
  3 ball pythons
  3 frilled lizards
  A jackal skeleton (D:5)
  2 kobolds (D:2)
  6 rats
  A spectral orc (D:5)
117 creatures vanquished.

Vanquished Creatures (others)
  A plant (D:5)
1 creature vanquished.

Grand Total: 118 creatures vanquished

Notes
Turn   | Place    | Note
-------+----------+-------------------------------------------
     0 | D:1      | robertstho the Troll Berserker began the quest for the Orb.
     0 | D:1      | Reached XP level 1. HP: 22/22 MP: 0/0
   146 | D:1      | Reached XP level 2. HP: 29/29 MP: 1/1
   522 | D:2      | Found a sacrificial altar of Ru.
   530 | D:2      | Reached ** piety under Trog
   531 | D:2      | Reached XP level 3. HP: 34/36 MP: 2/2
   598 | D:2      | Reached skill level 4 in Unarmed Combat
   654 | D:2      | Reached XP level 4. HP: 44/44 MP: 3/3
   675 | D:2      | Found a snail-covered altar of Cheibriados.
  1219 | D:3      | Found an opulent altar of Gozag.
  1967 | D:4      | Reached XP level 5. HP: 48/53 MP: 4/4
  2027 | D:4      | Reached skill level 5 in Unarmed Combat
  2036 | D:4      | Reached XP level 6. HP: 39/61 MP: 5/5
  2241 | D:4      | Found a blossoming altar of Fedhas.
  2674 | D:5      | Entered Level 5 of the Dungeon
  2868 | D:5      | Reached *** piety under Trog
  3030 | D:5      | Reached skill level 6 in Unarmed Combat
  3145 | D:5      | Reached XP level 7. HP: 9/67 MP: 6/6
  3202 | D:5      | Found Mejakk's Book Shop.
  3282 | D:5      | Found a basalt altar of Yredelemnul.
  3630 | D:5      | Noticed Prince Ribbit
  3641 | D:5      | Reached skill level 7 in Unarmed Combat
  3643 | D:5      | Killed Prince Ribbit
  4140 | D:6      | Found a runed translucent door.
  4148 | D:6      | Found a broken altar of Ashenzari.
  4171 | D:6      | Reached XP level 8. HP: 20/78 MP: 7/7
  4367 | D:6      | Reached skill level 8 in Unarmed Combat
  4437 | D:6      | Slain by an orc warrior

Illustrated notes

Levels and vault maps discovered:
D:1:      dpeg_arrival_connections, layout_rooms, amethyst_killhole
D:2:      layout_rooms, nicolae_overflow_crystal_walls,
          nicolae_ru_great_annihilating_truth
D:3:      layout_basic, amcnicky_altar_gilded
D:4:      layout_basic, fedhas_altar_2
D:5:      minmay_chambers_of_fours, layout_gridville,
          yredelemnul_forgotten_temple_becter, serial_bayou_pond_e,
          fountainhead, kennysheep_small_square, uniq_prince_ribbit1
D:6:      layout_gridville, overflow_temple_1_default, kennysheep_mini,
          lightli_church_of_beogh, uniq_eustachio

Skill      XL: |  1  2  3  4  5  6  7  8 |
---------------+-------------------------+-----
Dodging        | 3 4 |  4.9
Unarmed Combat | 4 5 6 7 8 |  8.1
Fighting       | 3 |  3.9
Stealth        | |  0.7

Action                   |  1- 3 |  4- 6 |  7- 9 || total
-------------------------+-------+-------+-------++-------
Melee: Unarmed           |    79 |   158 |    84 ||   321
       Punch             |       |     3 |       ||     3
Invok: Berserk           |       |     6 |     5 ||    11
  Use: Scroll            |       |     6 |     2 ||     8
 Stab: Paralysed         |     1 |       |       ||     1
       Sleeping          |       |     1 |       ||     1
Armor: Animal skin       |    39 |    37 |    13 ||    89
Dodge: Dodged            |    56 |    95 |    38 ||   189

Table legend: (Time is in decaauts)
 A = Elapsed time spent in this place.
 B = Non-inter-level travel time spent in this place.
 C = Inter-level travel time spent in this place.
 D = Time resting spent in this place.
 E = Time spent auto-exploring this place.
 F = Levels seen in this place.
 G = Mean time per level.
                   A        B        C        D        E       F      G
               +--------+--------+--------+--------+--------+-----+--------+
         Total |   4505 |   4207 |    298 |    290 |   3231 |   6 |  750.8 |
       Dungeon |   4505 |   4207 |    298 |    290 |   3231 |   6 |  750.8 |
               +--------+--------+--------+--------+--------+-----+--------+

Top non-repeatable levels by time:
     D:5: 1267 daAuts
     D:3: 814 daAuts
     D:4: 786 daAuts
     D:2: 756 daAuts
     D:6: 445 daAuts
     D:1: 434 daAuts
